 Dungeon Crawl Stone Soup version 0.29.1-12-g30fa7ad0bf (webtiles) character file.

Game seed: 2167493414198644657

73 funkygono the Slasher (level 4, -3/34 HPs)
             Began as a Demonspawn Gladiator on Dec 30, 2022.
             Slain by a gnoll
             ... wielding a +0 club
              (4 damage)
             ... on level 2 of the Dungeon.
             The game lasted 00:02:16 (2038 turns).

funkygono the Slasher (Demonspawn Gladiator)        Turns: 2038, Time: 00:02:16

Health: -3/34      AC:  4    Str: 16    XL:     4   Next: 8%
Magic:  4/4        EV: 12    Int:  9    God:
Gold:   31         SH:  4    Dex: 15    Spells: 3/3 levels left

rFire   . . .      SeeInvis .   a - +0 long sword
rCold   . . .      Faith    .   (no shield)
rNeg    . . .      Spirit   .   b - +0 leather armour
rPois   .          Reflect  .   c - +0 helmet
rElec   .          Harm     .   (no cloak)
rCorr   .          Rampage  .   (no gloves)
Will    .....                   (no boots)
Stlth   +.........              (no amulet)
HPRegen 0.11/turn               (no ring)
MPRegen 0.09/turn               (no ring)

@: no status effects
A: condensation shield, demonic touch 1
a: no special abilities


You were on level 2 of the Dungeon.
You visited 1 branch of the dungeon, and saw 2 of its levels.

You collected 31 gold pieces.

Inventory:

Hand Weapons
 a - a +0 long sword (weapon)
Missiles
 d - 3 throwing nets (quivered)
 e - a javelin
Armour
 b - a +0 leather armour (worn)
 c - a +0 helmet (worn)
Jewellery
 g - a ring of protection from fire
 k - a ring of see invisible
Scrolls
 f - a scroll of identify {unknown}
 i - a scroll of fear {unknown}
 n - a scroll of acquirement {unknown}
 o - a scroll of vulnerability {unknown}
Potions
 h - 2 potions of attraction {unknown}
 j - a potion of cancellation {unknown}
 l - 2 potions of haste {unknown}
 m - a potion of degeneration {unknown}


   Skills:
 + Level 2.4 Fighting
 + Level 3.5 Long Blades
 + Level 1.8 Throwing
 + Level 1.0 Armour
 + Level 3.2 Dodging
 + Level 0.2 Stealth
 + Level 0.2 Shields


You had 3 spell levels left.
You didn't know any spells.
Your spell library was empty.

Dungeon Overview and Level Annotations

Branches:
Dungeon (2/15)

Altars:


Innate Abilities, Weirdness & Mutations

A meltable shield of frost defends you. (SH +4)
Your touch may inflict minor irresistible damage on your foes.


Message History

The rat bites you.
You slash the rat!
You kill the rat!
You see here a rat corpse.
Found a helmet.
An endoplasm comes into view.
You see here a +0 helmet.
An endoplasm is nearby!
Found 3 poisoned darts.
The endoplasm quivers.
You hit the endoplasm.
The endoplasm is heavily wounded.
You block the endoplasm's attack.
You slash the endoplasm!
You kill the endoplasm!
A gnoll comes into view. It is wielding a +0 spear.
The gnoll shouts!
You hear a shout! 2 gnolls come into view.
The gnoll shouts! x2
The gnoll barely misses you. You block the gnoll's attack.
You closely miss the gnoll. The gnoll hits you with a +0 club.
A hobgoblin comes into view.
The gnoll hits you from afar with a +0 spear.
You hit the gnoll.
The gnoll is moderately wounded.
The gnoll closely misses you.
The gnoll hits you from afar with a +0 spear.
The gnoll barely misses you. The gnoll misses you.
The gnoll hits you from afar with a +0 spear!
You hit the gnoll.
The gnoll is severely wounded.
The gnoll hits you with a +0 club.
* * * LOW HITPOINT WARNING * * *
You block the gnoll's attack.
The gnoll hits you from afar with a +0 spear.
* * * LOW HITPOINT WARNING * * *
The gnoll attacks as you move away! The gnoll barely misses you.
The gnoll attacks as you move away! The gnoll hits you with a +0 club.
You die...

#..# #.#.# #.#
##.# #..# #.###
#.########†###
#..# #.#
.#..........# ...#
#.# #.#.########.#
.... ..#
#.#..........#
...####
##.#..######..####
....
............[...#
##.#
#...####...#### .#
#(@......##
#.g.##...#
#.gg.....###
.......g####....#
................#
.###...######...#
##.. ....# #.#
###..# .. ..#


You could see 3 gnolls and a hobgoblin.

Vanquished Creatures
  3 adders (D:2)
  4 bats
  3 endoplasms
  2 giant cockroaches (D:1)
  6 goblins
  4 hobgoblins (D:1)
  4 jackals (D:2)
  A quokka (D:1)
  5 ball pythons
  4 frilled lizards
  8 kobolds
  3 rats (D:2)
47 creatures vanquished.

Notes
Turn   | Place    | Note
-------+----------+-------------------------------------------
     0 | D:1      | funkygono the Demonspawn Gladiator began the quest for the
                  | Orb.
     0 | D:1      | Reached XP level 1. HP: 16/16 MP: 1/1
   409 | D:1      | Gained mutation: Your touch may inflict minor irresistible
                  | damage on your foes. [demonic ancestry]
   409 | D:1      | Reached XP level 2. HP: 17/22 MP: 2/2
   608 | D:1      | Found a faded altar of an unknown god.
  1004 | D:1      | Gained mutation: A meltable shield of frost defends you.
                  | (SH +4) [demonic ancestry]
  1004 | D:1      | Reached XP level 3. HP: 19/27 MP: 3/3
  1860 | D:2      | Reached skill level 1 in Armour
  1860 | D:2      | Reached XP level 4. HP: 31/34 MP: 4/4
  2035 | D:2      | HP: 1/34 [gnoll/+0 spear (6)]
  2038 | D:2      | Slain by a gnoll

Illustrated notes

Levels and vault maps discovered:
D:1:      dpeg_cavernosity, layout_basic, dreamdust_ecumenical_altar_grove
D:2:      layout_basic, minmay_misc_feat_more_columns

Skill      XL: |  1  2  3 |
---------------+----------+-----
Long Blades    | 3 |  3.5
Dodging        | 3 |  3.2
Armour         | 1 |  1.0
Fighting       | |  2.4
Throwing       | |  1.8
Stealth        | |  0.2
Shields        | |  0.2

Action                   |  1- 3 |  4- 6 || total
-------------------------+-------+-------++-------
Melee: Long sword        |   119 |    10 ||   129
       Punch             |     1 |       ||     1
       Touch             |     6 |     1 ||     7
Armor: Leather armour    |    40 |     2 ||    42
Dodge: Dodged            |   100 |     6 ||   106
Block: Other             |    13 |     4 ||    17
